 Dungeon Crawl Stone Soup version 0.18.1-48-g4cf74bf (webtiles) character file.

30688 Heedrag the Destroyer (level 13, -2/81 HPs)
             Began as a Deep Elf Conjurer on Aug 1, 2016.
             Was a High Priest of Vehumet.
             Shot with a bolt by an orc warrior (15 damage)
             ... on level 2 of the Orcish Mines.
             The game lasted 01:04:54 (19121 turns).

Heedrag the Destroyer (Deep Elf Conjurer)          Turns: 19121, Time: 01:04:55

Health: -2/81      AC:  8    Str:  8    XL:     13   Next: 21%
Magic:  4/34       EV: 17    Int: 25    God:    Vehumet [*****.]
Gold:   862        SH:  5    Dex: 13    Spells: 8 memorised, 9 levels left

rFire  + . .     SeeInvis .     I - +3 spear "Seiplol" {pierce, rElec MR++ Dex-2}
rCold  . . .     Gourm    +     a - +1 robe
rNeg   . . .     Faith    .     q - +0 buckler
rPois  .         Spirit   .     (no helmet)
rElec  +         Dismiss  .     e - +2 cloak
rCorr  .         Reflect  .     P - +0 pair of gloves
SustAt .         Harm     .     U - +0 pair of boots
MR     +++..                    m - amulet of the gourmand
Stlth  ++........               l - ring "Lato" {Wiz rElec rF+}
                                d - +2 ring of intelligence

@: extremely resistant to hostile enchantments, unstealthy
A: high mp 1, robust 1, wild magic 1
a: Renounce Religion


You were on level 2 of the Orcish Mines.
You worshipped Vehumet.
Vehumet was extremely pleased with you.
You were very full.

You visited 4 branches of the dungeon, and saw 17 of its levels.
You also visited: Bailey.

You collected 862 gold pieces.

Inventory:

Hand Weapons
 I - the +3 spear "Seiplol" (weapon) {pierce, rElec MR++ Dex-2}
   (You found it on level 7 of the Dungeon)

   It inflicts extra damage upon your enemies.
   It affects your dexterity (-2).
   It insulates you from electricity.
   It affects your resistance to hostile enchantments.
 L - the +7 halberd "Ultimatum" {chop, Str+8, unknown}
   (You found it on level 8 of the Dungeon)

   It inflicts extra damage upon your enemies.
   It affects your strength (+8).
Armour
 a - a +1 robe (worn)
 e - a +2 cloak (worn)
 q - a +0 buckler (worn)
 P - a +0 pair of gloves (worn)
 U - a +0 pair of boots (worn)
Magical Staves
 b - an uncursed staff of cold
Jewellery
 d - a +2 ring of intelligence (left hand)
 l - the ring "Lato" (right hand) {Wiz rElec rF+}
   (You found it on level 2 of the Lair of Beasts)

   [ring of wizardry]

   It improves your spell success rate.
   It protects you from fire.
   It insulates you from electricity.
 m - an amulet of the gourmand (around neck)
 O - an uncursed amulet of magic regeneration {unknown}
Wands
 A - a wand of iceblast (15/15)
 B - a wand of iceblast (4/15)
 F - a wand of digging (14/24)
Scrolls
 f - a scroll of fog
 h - 6 scrolls of remove curse
 k - 5 scrolls of teleportation
 s - a scroll of amnesia {unknown}
 C - a scroll of acquirement
Potions
 i - a potion of haste
 j - a potion of might {unknown}
 n - 2 potions of flight {unknown}
 o - a potion of cure mutation {unknown}
 r - 4 potions of curing
 v - 3 potions of berserk rage {unknown}
 w - a potion of degeneration {unknown}
 z - a potion of lignification {unknown}
 M - a potion of brilliance {unknown}
 Q - 2 potions of agility {unknown}
 R - a potion of heal wounds {unknown}
 X - a potion of cancellation {unknown}
Comestibles
 c - 8 bread rations
 g - 4 meat rations
 x - a slice of pizza
 D - 11 fruits
 H - 2 beef jerkies


   Skills:
 + Level 5.7 Fighting
 + Level 9.2 Dodging
 - Level 2.4 Stealth
 + Level 6.7 Shields
 + Level 12.4 Spellcasting
 * Level 14.9 Conjurations
 - Level 10.0 Charms
 + Level 2.6 Necromancy
 - Level 4.7 Fire Magic


You had 9 spell levels left.
You knew the following spells:

 Your Spells              Type           Power        Failure   Level  Hunger
a - Magic Dart            Conj           ####         1%          1    None
b - Dazzling Spray        Conj/Hex       ######       1%          3    None
c - Iskenderun's Mystic   Conj           #######.     1%          4    None
d - Iskenderun's Battles  Conj/Chrm      #######.     1%          5    ###....
e - Flame Tongue          Conj/Fire      #####        1%          1    None
f - Fireball              Conj/Fire      ######....   1%          5    ###....
g - Conjure Flame         Conj/Fire      ######..     1%          3    None
h - Bolt of Draining      Conj/Necr      ######....   1%          5    ###....


Dungeon Overview and Level Annotations

Branches:
Dungeon (11/15)            Temple (1/1) D:4            Lair (3/8) D:10
    Orc (2/2) D:9
  Swamp: Lair:3-6    Shoals: Lair:3-6     Snake: Lair:3-6    Spider: Lair:3-6
    Elf: Orc:2

Altars:
Ashenzari
Cheibriados
Dithmenos
Elyvilon
Fedhas
Gozag
Kikubaaqudgha
Makhleb
Nemelex Xobeh
Okawaru
Pakellas
Qazlal
Ru
Sif Muna
Trog
Vehumet
Xom
Yredelemnul
Zin
The Shining One


Innate Abilities, Weirdness & Mutations

You have an increased reservoir of magic (+10% MP).
You are robust (+10% HP).
Your spells are a little harder to cast, but a little more powerful.


Message History

Tha orc warrior be lightly wounded.
Yer battlesphere fires!
Tha barrage o' energy hits tha orc warrior.
Tha orc warrior be almost dead.
Tha orc warrior unwields an uncursed glaive.
Tha orc warrior wields an arbalest.
Tha orc warrior shoots a bolt.
Tha bolt hits ye!
An orc warrior comes inta view.
It be wieldin' a glaive.
Tha orc warrior unwields an uncursed glaive.
Tha orc warrior wields an arbalest.
Tha orc warrior shoots a bolt.
Tha bolt hits ye!
An orc comes inta view.
It be wieldin' a trident.
Ye see 'ere a bolt.
Tha orc warrior shoots a bolt.
Ye block tha bolt.
Tha orc warrior shoots a bolt.
Tha bolt hits ye!
* * * LOW HITPOINT WARNIN'
* * * A troll comes inta view.
Tha orc warrior shoots a bolt.
Tha bolt misses ye.
Tha orc warrior shoots a bolt.
Tha bolt hits ye!
Ye die...

.#.#............
..#...............
...........)..#....
....#.....)).......
.........)<).......
.........))........
..........)........
...................
.....#...(@..#.....
.T..#.........$....
#.T.......(.#.....
##.....(.(.#......
..#...*.(..#......
...).((((..##....#
..#...(.....##.##.
. #.o#$###.## ##
.oo).## ..#


You could see a troll, an orc warrior and a friendly battlesphere.

Vanquished Creatures
  A death yak (D:10)
  Urug (Lair:3)
  The ghost of Krapule the Covert, a journeyman VSMo of Cheibriados (Lair:3)
  4 hill giants (D:10)
  Pikel (D:5)
  2 orc knights
  A cyclops (Orc:1)
  An elephant (D:10)
  2 black mambas (Lair:3)
  8 spiny frogs
  A gargoyle (D:10)
  A rime drake (Lair:3)
  A centaur skeleton (D:10)
  A freezing wraith (D:10)
  13 komodo dragons
  2 trolls
  A two-headed ogre (D:10)
  A polar bear (Lair:2)
  Prince Ribbit (Lair:3)
  Grinder (D:4)
  6 blink frogs
  Sigmund (D:4)
  Eustachio (D:4)
  2 basilisks (Lair:3)
  9 yaks
  A steam dragon (Lair:2)
  5 hippogriffs
  Menkaure (D:7)
  Edmund (D:6)
  4 porcupines
  17 orc warriors
  4 water moccasins
  3 ice beasts (D:10)
  A wasp (D:9)
  An eye of draining (D:9)
  A sky beast (D:6)
  4 slaves (D:5)
  3 phantoms
  A black bear (D:10)
  6 ogres
  22 wolves
  8 centaurs
  9 crocodiles
  A big kobold (D:10)
  12 giant frogs
  8 gnoll sergeants (Bailey)
  A water moccasin skeleton (D:7)
  A scorpion (D:7)
  9 killer bees
  11 wights
  10 howler monkeys
  3 crimson imps
  A giant frog zombie (D:3)
  A centaur zombie (D:10)
  A quasit (D:9)
  16 orc priests
  7 hounds
  A jelly (D:10)
  7 gnoll shamans
  Jessica (D:2)
  6 iguanas
  7 worker ants
  14 orc wizards
  Terence (D:3)
  3 killer bee zombies
  6 sheep (Lair:3)
  A hound zombie (D:7)
  A hound skeleton (D:4)
  A worker ant zombie (D:5)
  Robin (D:2)
  17 gnolls
  A howler monkey skeleton (D:5)
  11 adders
  50 river rats
  4 shadow imps
  2 oozes
  An adder zombie (D:7)
  A worm (D:2)
  A dart slug (D:1)
  10 giant geckos
  60 orcs
  7 bats
  7 giant cockroaches
  11 goblins
  10 hobgoblins
  2 jackals (D:4)
  12 kobolds
  4 quokkas
  3 giant newts
  2 jackal skeletons
  2 quokka skeletons
  8 rats
514 creatures vanquished.

Vanquished Creatures (others)
  A goblin (D:2)
  A fungus (Lair:2)
2 creatures vanquished.

Grand Total: 516 creatures vanquished

Notes
Turn   | Place    | Note
--------------------------------------------------------------
     0 | D:1      | Heedrag the Deep Elf Conjurer began the quest for the Orb.
     0 | D:1      | Reached XP level 1. HP: 10/10 MP: 6/6
   119 | D:1      | Reached XP level 2. HP: 9/15 MP: 0/8
   206 | D:1      | Reached skill level 5 in Conjurations
   491 | D:1      | Reached XP level 3. HP: 19/19 MP: 2/9
   537 | D:1      | Learned a level 3 spell: Dazzling Spray
   770 | D:2      | Noticed Jessica
   774 | D:2      | Killed Jessica
   853 | D:2      | Reached XP level 4. HP: 24/24 MP: 6/12
   934 | D:2      | Found a faded altar to an unknown god.
  1031 | D:2      | Noticed Robin
  1042 | D:2      | Killed Robin
  1042 | D:2      | Reached skill level 6 in Conjurations
  1308 | D:2      | Learned a level 4 spell: Iskenderun's Mystic Blast
  1605 | D:3      | Noticed Terence
  1788 | D:3      | Reached XP level 5. HP: 28/28 MP: 10/14
  1795 | D:3      | Learned a level 5 spell: Iskenderun's Battlesphere
  2078 | D:3      | Reached skill level 5 in Spellcasting
  2078 | D:3      | Reached skill level 1 in Charms
  2183 | D:3      | Killed Terence
  2324 | D:4      | Found a shattered altar of Ashenzari.
  2422 | D:4      | Noticed a phantom
  2511 | D:5      | Entered Level 5 of the Dungeon
  2635 | D:5      | Noticed a phantom
  2740 | D:4      | Reached skill level 7 in Conjurations
  2740 | D:4      | Reached XP level 6. HP: 32/32 MP: 0/15
  2769 | D:4      | Noticed Grinder
  3358 | D:4      | Noticed Eustachio
  3368 | D:4      | Found a staircase to the Ecumenical Temple.
  3407 | Temple   | Entered the Ecumenical Temple
  3433 | Temple   | Became a worshipper of Vehumet
  3605 | D:4      | Reached XP level 7. HP: 22/36 MP: 1/17
  3879 | D:4      | Killed Eustachio
  3879 | D:4      | Reached skill level 8 in Conjurations
  4001 | D:4      | Killed Grinder
  4001 | D:4      | Reached skill level 5 in Charms
  4118 | D:4      | Found a glowing golden altar of the Shining One.
  4166 | D:4      | Found a glowing golden altar of the Shining One.
  4208 | D:4      | Noticed Sigmund
  4214 | D:4      | Killed Sigmund
  4214 | D:4      | Reached XP level 8. HP: 41/41 MP: 11/20
  4275 | D:4      | Reached skill level 9 in Conjurations
  4987 | D:5      | Noticed Pikel
  5299 | D:5      | Killed Pikel
  5299 | D:5      | Reached skill level 1 in Shields
  5299 | D:5      | Reached skill level 10 in Conjurations
  5299 | D:5      | Reached XP level 9. HP: 45/45 MP: 8/23
  5418 | D:5      | Found a blossoming altar of Fedhas.
  5829 | D:6      | Noticed Edmund
  5838 | D:6      | Killed Edmund
  6046 | D:6      | Gained mutation: You are robust (+10% HP). [mutagenic meat]
  6047 | D:6      | Gained mutation: Your spells are a little harder to cast, but a little more powerful. [mutagenic meat]
  6048 | D:6      | Gained mutation: You have an increased reservoir of magic (+10% MP). [mutagenic meat]
  6059 | D:6      | Found a burning altar of Makhleb.
  6125 | D:6      | Reached * piety under Vehumet
  6125 | D:6      | Offered knowledge of Freeze by Vehumet.
  6973 | D:7      | Got an encrusted spear
  6991 | D:7      | Reached skill level 11 in Conjurations
  7185 | D:7      | Offered knowledge of Shock by Vehumet.
  7197 | D:7      | Reached ** piety under Vehumet
  7198 | D:7      | Noticed Menkaure
  7200 | D:7      | Killed Menkaure
  7434 | D:7      | Found a sparkling altar of Nemelex Xobeh.
  7471 | D:7      | Reached skill level 1 in Fighting
  7540 | D:7      | Found a basalt altar of Yredelemnul.
  7636 | D:7      | Identified the +3 spear "Seiplol" {pierce, rElec MR++ Dex-2} (You found it on level 7 of the Dungeon)
  7679 | D:8      | Identified Gutym's Disquisition on Fiery Execration
  7682 | D:8      | Learned a level 1 spell: Flame Tongue
  7716 | D:8      | Reached XP level 10. HP: 57/57 MP: 18/27
  7729 | D:8      | Learned a level 5 spell: Fireball
  7823 | D:8      | Reached skill level 1 in Fire Magic
  7891 | D:8      | Found a flagged portal.
  7913 | Bailey   | Entered a bailey
  8241 | Bailey   | Offered knowledge of Stone Arrow by Vehumet.
  9096 | D:8      | Got a jewelled halberd
  9558 | D:8      | Found a burning altar of Makhleb.
  9728 | D:9      | Reached *** piety under Vehumet
  9860 | D:9      | Found a staircase to the Orcish Mines.
  9955 | D:9      | Offered knowledge of Static Discharge by Vehumet.
 10269 | D:9      | Found an iron altar of Okawaru.
 10299 | D:9      | Reached skill level 10 in Spellcasting
 10299 | D:9      | Reached skill level 12 in Conjurations
 10511 | D:9      | Reached **** piety under Vehumet
 10731 | D:9      | Found a deep blue altar of Sif Muna.
 11045 | D:10     | Entered Level 10 of the Dungeon
 11046 | D:10     | Noticed a gargoyle
 11051 | D:10     | Killed a gargoyle
 11051 | D:10     | Reached skill level 5 in Dodging
 11524 | D:10     | Noticed a hill giant
 11529 | D:10     | Killed a hill giant
 11529 | D:10     | Reached XP level 11. HP: 40/64 MP: 16/29
 11542 | D:10     | Noticed a death yak
 11616 | D:10     | Noticed a hill giant
 11639 | D:10     | Killed a hill giant
 11639 | D:10     | Reached skill level 10 in Charms
 11731 | D:10     | Offered knowledge of Conjure Flame by Vehumet.
 11810 | D:10     | Killed a death yak
 11819 | D:10     | Learned a level 3 spell: Conjure Flame
 12014 | D:10     | Found a staircase to the Lair.
 12679 | D:10     | Identified a scroll of acquirement
 12680 | D:10     | Identified Inneam's Papyrus of Ignition and the Mountains (You acquired it on level 10 of the Dungeon)
 12697 | D:10     | Noticed a hill giant
 12706 | D:10     | Killed a hill giant
 12709 | D:10     | Noticed a hill giant
 12716 | D:10     | Killed a hill giant
 13394 | Lair:1   | Entered Level 1 of the Lair of Beasts
 13442 | Lair:1   | Reached skill level 13 in Conjurations
 13600 | Lair:1   | Reached ***** piety under Vehumet
 13600 | Lair:1   | Offered knowledge of Airstrike by Vehumet.
 13736 | Lair:1   | Reached skill level 5 in Shields
 14091 | Lair:1   | Reached XP level 12. HP: 73/73 MP: 24/32
 15375 | D:11     | Noticed a death knight
 15674 | D:10     | Reached skill level 5 in Fighting
 16065 | Lair:2   | Got a scintillating turquoise ring
 16076 | Lair:2   | Reached skill level 14 in Conjurations
 16516 | Lair:2   | Offered knowledge of Bolt of Draining by Vehumet.
 16737 | Lair:3   | Noticed Krapule's ghost (journeyman VSMo)
 16742 | Lair:3   | Killed Krapule's ghost
 16863 | Lair:3   | Noticed Prince Ribbit
 16866 | Lair:3   | Killed Prince Ribbit
 16967 | Lair:3   | Learned a level 5 spell: Bolt of Draining
 17284 | Lair:3   | Reached skill level 1 in Necromancy
 17390 | Lair:3   | Noticed Urug
 17396 | Lair:3   | Killed Urug
 17396 | Lair:3   | Reached XP level 13. HP: 69/80 MP: 13/34
 18166 | Lair:1   | Identified the ring "Lato" {Wiz rElec rF+} (You found it on level 2 of the Lair of Beasts)
 18243 | Orc:1    | Entered Level 1 of the Orcish Mines
 18864 | Orc:1    | Found a bloodstained altar of Trog.
 18985 | Orc:2    | Entered Level 2 of the Orcish Mines
 19121 | Orc:2    | Shot with a bolt by an orc warrior

Skill      XL: |  1  2  3  4  5  6  7  8  9 10 11 12 13 |
---------------+----------------------------------------+-----
Conjurations   | 5 6 7 8 10 11 12 13 14 | 14.9
Spellcasting   | 4 5 7 8 9 10 11 12 | 12.4
Charms         | 2 3 5 7 9 10 | 10.0
Dodging        | 3 5 7 8 9 |  9.2
Shields        | 1 3 4 5 6 |  6.7
Fighting       | 1 2 4 5 |  5.7
Fire Magic     | 3 4 |  4.7
Necromancy     | 1 2 |  2.6
Stealth        | |  2.4

Action                   |  1- 3 |  4- 6 |  7- 9 | 10-12 | 13-15 || total
-------------------------+-------+-------+-------+-------+-------++-------
Melee: Unarmed           |     2 |       |       |       |       ||     2
       Dagger            |     5 |     2 |     9 |       |       ||    16
       Spear             |       |       |       |    23 |       ||    23
 Cast: Magic Dart        |    52 |   161 |   191 |   495 |    69 ||   968
       Dazzling Spray    |       |    12 |     2 |       |       ||    14
       Iskenderun's Myst |       |     9 |    12 |    69 |     3 ||    93
       Iskenderun's Batt |       |       |    28 |   106 |    19 ||   153
       Fireball          |       |       |       |    30 |     4 ||    34
       Flame Tongue      |       |       |       |     1 |       ||     1
       Bolt of Draining  |       |       |       |     4 |    12 ||    16
  Use: Scroll            |       |       |     3 |    13 |     2 ||    18
       Potion            |       |       |       |     1 |       ||     1
  Eat: Chunk             |       |    25 |    24 |    53 |     6 ||   108
Armor: Robe              |     7 |    12 |     9 |    25 |     5 ||    58
Dodge: Dodged            |    19 |    22 |    25 |    85 |    29 ||   180
Block: Buckler           |       |       |     9 |    23 |    17 ||    49
